Map: King's Cove LE

Players

ZergyMcZerg

  • Race: Zerg Zerg
  • League: Diamond
  • Spawn Location: 11:00

adermake - Winner!

  • Race: Protoss Protoss
  • League: Diamond
  • Spawn Location: 5:00

VOD

Have the link to the VOD?

Description

Time

  • Played on: June 14, 2019, 1:34 p.m.
  • Length: 4:17
Show
View Real Time Build Order
Export as new Build Order

ZergyMcZerg Zerg 

Build Orders: Pool Only 

Get SALT Encoding   

  12  0:01  Drone  
  13  0:11  Extractor  
  12  0:25  Spawning Pool  
  11  0:31  Drone  
  12  0:41  Drone x2  
  14  0:53  Overlord  
  14  1:12  Zergling x2  
  14  1:13  Zergling x2  
  14  1:15  Zergling x2  
  17  1:22  Queen  
  19  1:28  Zergling x2  
  20  1:37  Zergling x2  
  21  1:51  Metabolic Boost  
  21  1:59  Lair  
  21  2:07  Overlord  
  21  2:18  Zergling x2  
  22  2:27  Zergling x2  
  22  2:28  Zergling x2  
  23  2:55  Zergling x2  
  23  2:56  Zergling x6  
  27  3:00  Nydus Network  
  26  3:10  Zergling x2  
  27  3:15  Zergling x4  
  29  3:22  Overlord  
  29  3:46  Zergling x2  
  30  3:49  Nydus Canal  
  30  3:53  Zergling x4  
  32  3:58  Overseer  
  33  4:03  Nydus Canal  
Show
View Real Time Build Order
Export as new Build Order

adermake Protoss - Winner!

Build Orders:  

Get SALT Encoding   

  12  0:01  Probe  
  13  0:20  Pylon  
  13  0:26  Probe  
  13  0:34  Probe  
  15  0:44  Probe  
  15  0:46  Gateway  
  16  0:56  Probe  
  17  1:10  Gateway  
  17  1:13  Assimilator  
  17  1:17  Probe  
  18  1:32  Probe  
  19  1:34  Zealot  
  21  1:43  Cybernetics Core  
  21  1:46  Pylon  
  20  1:52  Probe  
  21  2:00  Zealot  
  23  2:15  Adept  
  25  2:20  Cybernetics Core  
  23  2:24  Pylon  
  25  2:35  Probe  
  26  2:42  Adept  
  28  2:57  Nexus  
  28  3:03  Probe  
  29  3:13  Probe  
  30  3:21  Probe  
  30  3:24  Twilight Council  
  31  3:30  Probe  
  31  3:33  Assimilator  
  32  3:41  Probe  
  33  3:48  Robotics Facility  
  33  3:53  Probe  
Tags
 
Add a new tag
Caveats
  • Supply blocks, unpowered buildings, or Contaminate may cause inaccurate times.
  • Supply counts are checked every 10 seconds.